 Dungeon Crawl Stone Soup version 0.23.2-40-g277498a001 (webtiles) character file.

Game seed: 19016997911415139

6 MalarOregon the Digger (level 1, 0/10 HPs)
             Began as a Gargoyle Earth Elementalist on Aug 30, 2019.
             Slain by a hobgoblin
             ... wielding a +0 club
              (3 damage)
             ... on level 2 of the Dungeon.
             The game lasted 00:00:55 (109 turns).

MalarOregon the Digger (Gargoyle Earth Elementalist) Turns: 109, Time: 00:00:56

Health: 0/10       AC:  4    Str: 11    XL:     1   Next: 90%
Magic:  2/3        EV: 12    Int: 15    God:
Gold:   0          SH:  0    Dex: 10    Spells: 3/4 levels left

rFire    . . .     SeeInvis .   (no weapon)
rCold    . . .     Gourm    .   (no shield)
rNeg     + . .     Faith    .   c - +0 robe
rPois    ∞         Spirit   .   (no helmet)
rElec    +         Reflect  .   (no cloak)
rCorr    .         Harm     .   (no gloves)
MR       .....                  (no boots)
Stlth    ++........             (no amulet)
HPRegen  0.03/turn              (no ring)
MPRegen  0.08/turn              (no ring)

@: no status effects
A: negative energy resistance 1, electricity resistance, unbreathing,
petrification resistance, rot immunity, AC +2
a: no special abilities


You were on level 2 of the Dungeon.
You were not hungry.

You visited 1 branch of the dungeon, and saw 2 of its levels.

Inventory:

Missiles
 b - 23 stones (quivered)
Armour
 c - a +0 robe (worn)
Comestibles
 e - 2 rations {!d}


   Skills:
 - Level 1.5 Dodging
 - Level 2.1 Stealth
 + Level 2.1 Spellcasting
   Level 0.7 Transmutations
 * Level 4.0 Earth Magic


You had 3 spell levels left.
You knew the following spells:

 Your Spells              Type           Power        Failure   Level  Hunger
a - Sandblast             Erth           ##....       4%          1    #......

Your spell library contained the following spells:

 Spells                   Type           Power        Failure   Level  Hunger
 Passwall                 Tmut/Erth      #.......     12%         2    ###....
 Stone Arrow              Conj/Erth      #.....       28%         3    ###....
 Petrify                  Tmut/Erth      #.......     63%         4    #####..
 Lee's Rapid Deconstruct  Erth           ##........   75%         5    ######.


Dungeon Overview and Level Annotations

Branches:
Dungeon (1/15)

Altars:


Innate Abilities, Weirdness & Mutations

You are resistant to torment.
Your stone body is resilient. (AC +2)
You are immune to poison.
You resist negative energy. (rN+)
You are resistant to electric shocks. (rElec)
You can survive without breathing.
You are immune to petrification.
You are immune to rotting.


Message History

A hobgoblin comes into view. It is wielding a +0 club.
Aim: an adder The blast of sand hits the adder.
b - 24 stones The hobgoblin shouts!
You hear a shout!
You don't have enough magic to cast that spell.
Aim: an adder (moderately wounded)
The blast of sand hits the adder.
b - 23 stones The adder closely misses you.
The adder bites you but does no damage.
A bat comes into view.
The adder closely misses you.
A rat comes into view.
The adder bites you but does no damage. The bat closely misses you.
The bat closely misses you.
A rat comes into view.
The bat barely misses you.
A giant cockroach comes into view.
The hobgoblin hits you with a +0 club.
* * * LOW HITPOINT WARNING * * *
A goblin comes into view.
You hit the bat but do no damage. The bat hits you but does no damage.
The hobgoblin barely misses you. The bat barely misses you.
The rat bites you but does no damage. The bat hits you but does no damage.
The bat barely misses you. The rat bites you but does no damage.
The bat hits you but does no damage. The bat barely misses you.
The bat closely misses you. The bat hits you.
* * * LOW HITPOINT WARNING * * *
The bat misses you. The bat hits you but does no damage.
The bat barely misses you.
Found 2 scrolls labeled TUAWEE QUYLUSCH.
You barely miss the bat. The bat barely misses you. The rat closely misses you.
The bat misses you.
You closely miss the rat. The bat misses you. The bat closely misses you.
The rat closely misses you.
Unknown command.
You hit the rat but do no damage. The bat hits you but does no damage.
The rat closely misses you.
You barely miss the rat. The rat misses you.
The bat hits you but does no damage.
You hit the rat.
You kill the rat!
The bat closely misses you. x2; The hobgoblin hits you with a +0 club.
You die...

###....g........#####
# #.###.#............
.. #.##..##..........
## ..................
##.#...##......##
......###...b..#
#..### #.....g# ..
...##..##g###
........S@b..#
?.....####.....#
...... #.#..# ......
.# ... ...... . #.
.... .. .... .. ...


You could see an adder, a hobgoblin, a goblin and a bat.

Vanquished Creatures
  A dart slug (D:1)
  A goblin (D:1)
  A kobold (D:1)
  A rat (D:2)
4 creatures vanquished.

Vanquished Creatures (others)
  A frilled lizard (D:1)
1 creature vanquished.

Grand Total: 5 creatures vanquished

Notes
Turn   | Place    | Note
-------+----------+-------------------------------------------
     0 | D:1      | MalarOregon the Gargoyle Earth Elementalist began the quest
                  | for the Orb.
     0 | D:1      | Reached XP level 1. HP: 10/10 MP: 3/3
    55 | D:1      | Reached skill level 4 in Earth Magic
    74 | D:1      | You fall through a shaft!
   109 | D:2      | Slain by a hobgoblin

Skill      XL: |  1 |
---------------+----+-----
Earth Magic    | 4 |  4.0
Dodging        | |  1.5
Stealth        | |  2.1
Spellcasting   | |  2.1
Transmutations | |  0.7

Action                   || total
-------------------------++-------
Melee: Unarmed           ||    11
 Cast: Sandblast         ||     7
Armor: Robe              ||    13
Dodge: Dodged            ||    38
